Senators vs Canadiens

Created - September-25-13 at 18:20

Simulating a Pre-Season

Goals
1 2 3 T
Senators 0 2 0 2
Canadiens 1 2 0 3
Shots
1 2 3 T
Senators 2 10 9 21
Canadiens 7 7 7 21

1st period

1. Canadiens , Jordan Eberle 5 (Pavel Datsyuk) at 14:16

Penalties :
Jim OBrien (OTT) for Hooking (Minor) at 9:36, Theo Peckham (MTL) for Tripping (Minor) at 12:00, Blake Wheeler (MTL) for Holding (Minor) at 16:15, Jared Cowen (OTT) for Holding Stick (Minor) at 18:18

2nd period

2. Senators , Jakob Silfverberg 2 (Dion Phaneuf, Jared Cowen) at 2:15
3. Canadiens , Claude Giroux 6 (Blake Wheeler) at 5:23 (PP)
4. Senators , James Neal 6 (Sidney Crosby) at 10:22
5. Canadiens , Jordan Eberle 6 (Pavel Datsyuk, Brad Richards) at 18:00

Penalties :
Dustin Byfuglien (OTT) for Roughing (Minor) at 3:28, Jan Hejda (OTT) for High sticking (Double Minor) at 6:09

3rd period

No Goal

Penalties :
Brooks Orpik (MTL) for Holding (Minor) at 6:32, Jared Cowen (OTT) for Hooking (Minor) at 16:27

Goalie Stats

Carey Price (OTT), 18 saves from 21 shots - (0.857), L, 1-5-0, 59:50 minutes
Cam Ward (MTL), 19 saves from 21 shots - (0.905), W, 3-1-0, 60:00 minutes

Players Stats for Senators

Player Name              G  A  P  +/- PIM S  H  SB GA TA FO     MP     PP MP  PK MP  
------------------------------------------------------------------------------------
Alexander Edler          0  0  0  -1  0   2  0  1  0  0  0/0    25:13   2:28   4:45 
Brad Boyes               0  0  0   0  0   2  1  0  0  0  0/2    16:55   2:52   1:36 
Dion Phaneuf             0  1  1   1  0   1  0  1  0  0  0/0    17:00   3:04   0:00 
Dustin Byfuglien         0  0  0  -1  2   0  0  1  0  0  0/0    21:22   2:28   0:59 
Jakob Silfverberg        1  0  1  -1  0   1  0  0  0  0  0/0     7:53   0:25   0:00 
James Neal               1  0  1   1  0   4  6  0  0  0  0/0    22:16   2:40   1:59 
Jan Hejda                0  0  0   0  4   1  4  0  0  0  0/0    17:18   3:04   4:23 
Jared Cowen              0  1  1   1  4   0  3  1  0  0  0/0    15:25   0:00   1:44 
Jerred Smithson          0  0  0  -1  0   0  1  0  0  0  0/0    18:15   0:25   5:42 
Jim OBrien               0  0  0   0  2   0  1  0  0  0  12/17  17:03   0:59   3:38 
Jordan Leopold           0  0  0   0  0   0  0  0  0  0  0/0    14:33   0:25   6:02 
Leo Komarov              0  0  0  -1  0   1  2  1  0  0  5/11   14:05   0:00   6:37 
Logan Couture            0  0  0   0  0   2  0  0  0  0  0/0    20:10   2:52   4:10 
Marc-Edouard Vlasic      0  0  0   0  0   0  0  0  0  0  0/0     9:05   0:25   5:49 
Nathan Horton            0  0  0   1  0   0  2  0  0  0  0/2    19:36   2:40   0:00 
Peter Regin              0  0  0   0  0   0  0  0  0  0  2/5     7:20   2:40   0:00 
Sidney Crosby            0  1  1   1  0   7  0  0  0  0  15/22  19:55   2:18   0:00 
Steve Bernier            0  0  0   0  0   0  0  0  0  0  1/1     4:40   0:00   0:00 

Players Stats for Canadiens

Player Name              G  A  P  +/- PIM S  H  SB GA TA FO     MP     PP MP  PK MP  
------------------------------------------------------------------------------------
Alec Martinez            0  0  0   0  0   1  1  1  0  0  0/0    19:59   1:58   1:58 
Blake Wheeler            0  1  1   0  2   2  3  0  0  0  0/1    18:08   5:46   0:00 
Brad Richards            0  1  1   1  0   1  1  0  0  0  8/16   19:46   6:05   0:14 
Brooks Orpik             0  0  0  -1  2   1  2  1  0  0  0/0    21:59   5:35   1:36 
Claude Giroux            1  0  1   0  0   2  2  0  0  0  1/2    22:15   5:46   3:16 
Dave Bolland             0  0  0   0  0   0  2  0  0  0  4/8    11:14   0:00   2:36 
Eric Nystrom             0  0  0  -1  0   0  0  0  0  0  0/0     6:54   0:00   0:00 
John Mitchell            0  0  0  -1  0   0  0  0  0  0  3/10    6:54   0:00   0:00 
Jonathan Toews           0  0  0   0  0   4  0  1  0  0  7/21   22:06   5:46   3:07 
Jordan Eberle            2  0  2   1  0   3  2  0  0  0  0/0    19:32   6:05   0:00 
Mark Fistric             0  0  0   1  0   1  2  1  0  0  0/0    20:13   5:27   3:26 
Mason Raymond            0  0  0   0  0   2  1  0  0  0  1/1     8:38   0:00   0:00 
Pavel Datsyuk            0  2  2   1  0   2  3  0  0  0  0/0    20:27   6:05   0:05 
Ron Hainsey              0  0  0   0  0   2  1  0  0  0  0/0    19:42   5:50   0:00 
Sven Baertschi           0  0  0   0  0   0  0  0  0  0  1/1    11:14   0:00   2:36 
Taylor Pyatt             0  0  0  -1  0   0  0  0  0  0  0/0     6:54   0:00   0:00 
Theo Peckham             0  0  0   1  2   0  2  2  0  0  0/0    15:34   0:00   1:40 
Travis Hamonic           0  0  0  -1  0   0  0  4  0  0  0/0    22:31   4:52   3:14 

3 Stars

1 - Jordan Eberle (MTL)
2 - James Neal (OTT)
3 - Pavel Datsyuk (MTL)

Power Play

Senators - 0 on 3 Attempt(s) - 0.00%
Canadiens - 1 on 6 Attempt(s) - 16.67%

Penalty Kill

Senators - 5 on 6 Attempt(s) - 83.33% - Score 0 goal in Penalty Kill
Canadiens - 3 on 3 Attempt(s) - 100.00% - Score 0 goal in Penalty Kill

Official

Referees : Dan O'Halloran and Graham Skiliter
Linesman : Tim Nowak and Bryan Pancich

Game Notes

No Game Note

% Time on Ice - Senators

Lines # - Real PCT - Wanted PCT - Time Play
Normal Forward
1 - 41% - 40% - 16:56
2 - 30% - 30% - 12:27
3 - 18% - 20% - 7:28
4 - 11% - 10% - 4:40
Normal Defense
1 - 43% - 40% - 17:56
2 - 32% - 30% - 13:19
3 - 18% - 20% - 7:25
4 - 7% - 10% - 2:51
PP Forward
1 - 55% - 60% - 3:17
2 - 45% - 40% - 2:40
PP Defense
1 - 48% - 60% - 2:53
2 - 52% - 40% - 3:04
PK Forward
1 - 65% - 60% - 7:41
2 - 35% - 40% - 4:10
PK Defense
1 - 39% - 60% - 4:36
2 - 61% - 40% - 7:15
PK3 Forward
1 - 0% - 60%
2 - 0% - 40%
PK3 Defense
1 - 0% - 60%
2 - 0% - 40%
44 Forward
1 - 0% - 60%
2 - 0% - 40%
44 Defense
1 - 0% - 60%
2 - 0% - 40%
Last Minute Offensive  - 0:41
Last Minute Defensive  - 0:00
Total
Forward - 60:00
Defense - 60:00

% Time on Ice - Canadiens

Lines # - Real PCT - Wanted PCT - Time Play
Normal Forward
1 - 30% - 35% - 12:23
2 - 33% - 30% - 13:27
3 - 21% - 20% - 8:38
4 - 17% - 15% - 6:54
Normal Defense
1 - 33% - 30% - 13:35
2 - 34% - 30% - 13:52
3 - 27% - 25% - 11:20
4 - 6% - 15% - 2:35
PP Forward
1 - 49% - 50% - 5:46
2 - 51% - 50% - 6:05
PP Defense
1 - 49% - 50% - 5:50
2 - 51% - 50% - 6:01
PK Forward
1 - 56% - 60% - 3:21
2 - 44% - 40% - 2:36
PK Defense
1 - 57% - 60% - 3:24
2 - 43% - 40% - 2:33
PK3 Forward
1 - 0% - 60%
2 - 0% - 40%
PK3 Defense
1 - 0% - 60%
2 - 0% - 40%
44 Forward
1 - 0% - 60%
2 - 0% - 40%
44 Defense
1 - 0% - 60%
2 - 0% - 40%
Last Minute Offensive  - 0:00
Last Minute Defensive  - 0:50
Total
Forward - 60:00
Defense - 60:00

Play by Play

1st period


0:01 of 1st period - Sidney Crosby wins face-off versus Jonathan Toews in neutral zone.
0:04 of 1st period - Brooks Orpik is hit by Nathan Horton and loses puck.
0:19 of 1st period - Shot by Jonathan Toews.
0:19 of 1st period - Deflect By Claude Giroux.
0:19 of 1st period - Stopped by Carey Price without a rebound.
0:20 of 1st period - Brad Richards wins face-off versus Jim OBrien in Senators zone.
0:40 of 1st period - Shot by Jordan Eberle.
0:40 of 1st period - Shot Blocked by Dion Phaneuf.
1:51 of 1st period - Jordan Leopold is hit by Dave Bolland and loses puck.
1:55 of 1st period - Jordan Leopold is hit by Mark Fistric.
2:16 of 1st period - Jonathan Toews is hit by James Neal and loses puck.
2:21 of 1st period - Shot by Blake Wheeler.
2:21 of 1st period - Stopped by Carey Price without a rebound.
2:22 of 1st period - Peter Regin wins face-off versus John Mitchell in Senators zone.
3:38 of 1st period - Icing by Ron Hainsey.
3:39 of 1st period - Jonathan Toews wins face-off versus Nathan Horton in Canadiens zone.
3:39 of 1st period - Jonathan Toews is hit by James Neal.
3:45 of 1st period - Jan Hejda is hit by Claude Giroux and loses puck.
3:58 of 1st period - Shot by Sidney Crosby.
3:58 of 1st period - Stopped by Cam Ward without a rebound.
3:59 of 1st period - Brad Richards wins face-off versus Brad Boyes in Canadiens zone.
4:39 of 1st period - Logan Couture is hit by Theo Peckham.
5:03 of 1st period - Dave Bolland is hit by James Neal and loses puck.
5:31 of 1st period - Shot by James Neal.
5:31 of 1st period - Deflect By Sidney Crosby.
5:31 of 1st period - Shot Blocked by Brooks Orpik.
6:38 of 1st period - Alexander Edler is hit by Blake Wheeler.
7:13 of 1st period - Eric Nystrom is hit by Brad Boyes.
7:55 of 1st period - Shot by Brad Richards.
7:55 of 1st period - Shot Misses the Net.
7:57 of 1st period - Shot by Pavel Datsyuk.
7:57 of 1st period - Stopped by Carey Price without a rebound.
7:58 of 1st period - Steve Bernier wins face-off versus Dave Bolland in Senators zone.
7:58 of 1st period - Dustin Byfuglien is hit by Dave Bolland and loses puck.
8:40 of 1st period - Dave Bolland is hit by Jan Hejda and loses puck.
9:36 of 1st period - Minor Penalty to Jim OBrien for Hooking.
9:37 of 1st period - Jonathan Toews wins face-off versus Leo Komarov in Senators zone.
9:40 of 1st period - Shot by Jonathan Toews.
9:40 of 1st period - Deflect By Blake Wheeler.
9:40 of 1st period - Shot Blocked by Alexander Edler.
9:42 of 1st period - Shot by Jonathan Toews.
9:42 of 1st period - Deflect By Blake Wheeler.
9:42 of 1st period - Shot Misses the Net.
9:44 of 1st period - Shot by Brooks Orpik.
9:44 of 1st period - Stopped by Carey Price without a rebound.
9:45 of 1st period - Leo Komarov wins face-off versus Jonathan Toews in Senators zone.
9:58 of 1st period - Shot by Mark Fistric.
9:58 of 1st period - Stopped by Carey Price without a rebound.
9:59 of 1st period - Leo Komarov wins face-off versus Jonathan Toews in Senators zone.
10:59 of 1st period - Icing by Brooks Orpik.
11:00 of 1st period - Brad Richards wins face-off versus Brad Boyes in Canadiens zone.
11:45 of 1st period - Eric Nystrom is hit by Nathan Horton and loses puck.
11:51 of 1st period - Icing by Eric Nystrom.
11:52 of 1st period - Sidney Crosby wins face-off versus John Mitchell in Canadiens zone.
12:00 of 1st period - Minor Penalty to Theo Peckham for Tripping.
12:01 of 1st period - Sidney Crosby wins face-off versus Jonathan Toews in Canadiens zone.
12:06 of 1st period - Shot by Brad Boyes.
12:06 of 1st period - Shot Misses the Net.
13:07 of 1st period - Shot by Dion Phaneuf.
13:07 of 1st period - Stopped by Cam Ward without a rebound.
13:08 of 1st period - Jonathan Toews wins face-off versus Peter Regin in Canadiens zone.
13:08 of 1st period - Jonathan Toews is hit by James Neal.
14:12 of 1st period - Shot by Jordan Eberle.
14:12 of 1st period - Shot Misses the Net.
14:14 of 1st period - Shot by Jordan Eberle.
14:14 of 1st period - Stopped by Carey Price with a rebound.
14:16 of 1st period - Shot by Jordan Eberle.
14:16 of 1st period - Goal by Jordan Eberle - Senators : 0 - Canadiens : 1.
14:17 of 1st period - Jim OBrien wins face-off versus John Mitchell in neutral zone.
14:34 of 1st period - Icing by Logan Couture.
14:35 of 1st period - Jim OBrien wins face-off versus Brad Richards in Senators zone.
15:56 of 1st period - Alexander Edler is hit by Theo Peckham and loses puck.
16:15 of 1st period - Minor Penalty to Blake Wheeler for Holding.
16:16 of 1st period - Jim OBrien wins face-off versus Jonathan Toews in Canadiens zone.
18:18 of 1st period - Minor Penalty to Jared Cowen for Holding Stick.
18:19 of 1st period - Brad Richards wins face-off versus Leo Komarov in Senators zone.
18:22 of 1st period - Shot by Pavel Datsyuk.
18:22 of 1st period - Shot Blocked by Leo Komarov.
18:24 of 1st period - Shot by Brad Richards.
18:24 of 1st period - Shot Misses the Net.
19:53 of 1st period - Alexander Edler is hit by Pavel Datsyuk and loses puck.

2nd period


0:01 of 2nd period - Leo Komarov wins face-off versus Jonathan Toews in neutral zone.
0:09 of 2nd period - Jonathan Toews is hit by Leo Komarov and loses puck.
0:32 of 2nd period - Sidney Crosby is hit by Ron Hainsey and loses puck.
0:57 of 2nd period - Alexander Edler is hit by Alec Martinez and loses puck.
1:33 of 2nd period - Shot by Jim OBrien.
1:33 of 2nd period - Shot Misses the Net.
1:39 of 2nd period - Shot by Logan Couture.
1:39 of 2nd period - Shot Blocked by Mark Fistric.
1:41 of 2nd period - Shot by Jim OBrien.
1:41 of 2nd period - Shot Misses the Net.
1:45 of 2nd period - Shot by Brad Boyes.
1:45 of 2nd period - Deflect By Logan Couture.
1:45 of 2nd period - Shot Misses the Net.
1:47 of 2nd period - Shot by Logan Couture.
1:47 of 2nd period - Stopped by Cam Ward with a rebound.
1:49 of 2nd period - Shot by Brad Boyes.
1:49 of 2nd period - Shot Misses the Net.
2:15 of 2nd period - Shot by Jakob Silfverberg.
2:15 of 2nd period - Goal by Jakob Silfverberg - Senators : 1 - Canadiens : 1.
2:16 of 2nd period - Brad Richards wins face-off versus Peter Regin in neutral zone.
2:30 of 2nd period - Shot by Brad Richards.
2:30 of 2nd period - Shot Misses the Net.
3:28 of 2nd period - Minor Penalty to Dustin Byfuglien for Roughing.
3:29 of 2nd period - Jim OBrien wins face-off versus Jonathan Toews in Senators zone.
4:05 of 2nd period - Jonathan Toews is hit by Jan Hejda and loses puck.
4:53 of 2nd period - Shot by Ron Hainsey.
4:53 of 2nd period - Stopped by Carey Price with a rebound.
5:23 of 2nd period - Shot by Claude Giroux.
5:23 of 2nd period - Goal by Claude Giroux - Senators : 1 - Canadiens : 2.
5:24 of 2nd period - Jim OBrien wins face-off versus Dave Bolland in neutral zone.
5:41 of 2nd period - Shot by Logan Couture.
5:41 of 2nd period - Stopped by Cam Ward without a rebound.
5:42 of 2nd period - John Mitchell wins face-off versus Sidney Crosby in Canadiens zone.
5:59 of 2nd period - Icing by Travis Hamonic.
6:00 of 2nd period - Peter Regin wins face-off versus John Mitchell in Canadiens zone.
6:08 of 2nd period - Brooks Orpik is hit by Jan Hejda.
6:09 of 2nd period - Double Minor Penalty to Jan Hejda for High sticking.
6:10 of 2nd period - Brad Richards wins face-off versus Leo Komarov in Senators zone.
7:59 of 2nd period - Pavel Datsyuk is hit by Jared Cowen and loses puck.
8:18 of 2nd period - Shot by Ron Hainsey.
8:18 of 2nd period - Stopped by Carey Price without a rebound.
8:19 of 2nd period - Jim OBrien wins face-off versus Jonathan Toews in Senators zone.
9:29 of 2nd period - Dustin Byfuglien is hit by Pavel Datsyuk and loses puck.
9:56 of 2nd period - Shot by Claude Giroux.
9:56 of 2nd period - Shot Misses the Net.
9:58 of 2nd period - Shot by Blake Wheeler.
9:58 of 2nd period - Shot Misses the Net.
10:20 of 2nd period - Shot by Sidney Crosby.
10:20 of 2nd period - Stopped by Cam Ward without a rebound.
10:21 of 2nd period - Sidney Crosby wins face-off versus John Mitchell in Canadiens zone.
10:22 of 2nd period - Shot by James Neal.
10:22 of 2nd period - Goal by James Neal - Senators : 2 - Canadiens : 2.
10:23 of 2nd period - Mason Raymond wins face-off versus Nathan Horton in neutral zone.
10:28 of 2nd period - Shot by Mason Raymond.
10:28 of 2nd period - Shot Blocked by Jared Cowen.
10:33 of 2nd period - Sidney Crosby is hit by Mason Raymond and loses puck.
10:38 of 2nd period - Dave Bolland is hit by James Neal and loses puck.
10:47 of 2nd period - Shot by James Neal.
10:47 of 2nd period - Shot Misses the Net.
10:49 of 2nd period - Shot by Jared Cowen.
10:49 of 2nd period - Deflect By Sidney Crosby.
10:49 of 2nd period - Stopped by Cam Ward without a rebound.
10:50 of 2nd period - Jim OBrien wins face-off versus John Mitchell in Canadiens zone.
10:53 of 2nd period - Shot by Brad Boyes.
10:53 of 2nd period - Shot Blocked by Theo Peckham.
11:21 of 2nd period - Shot by Alexander Edler.
11:21 of 2nd period - Stopped by Cam Ward without a rebound.
11:22 of 2nd period - Sidney Crosby wins face-off versus Jonathan Toews in Canadiens zone.
11:25 of 2nd period - Shot by Nathan Horton.
11:25 of 2nd period - Shot Blocked by Jonathan Toews.
11:43 of 2nd period - Shot by Jonathan Toews.
11:43 of 2nd period - Stopped by Carey Price without a rebound.
11:44 of 2nd period - Leo Komarov wins face-off versus Brad Richards in Senators zone.
12:21 of 2nd period - Shot by Pavel Datsyuk.
12:21 of 2nd period - Stopped by Carey Price without a rebound.
12:22 of 2nd period - Sidney Crosby wins face-off versus Jonathan Toews in Senators zone.
13:45 of 2nd period - Icing by Mark Fistric.
13:46 of 2nd period - Jonathan Toews wins face-off versus Leo Komarov in Canadiens zone.
13:46 of 2nd period - Jonathan Toews is hit by Leo Komarov.
13:52 of 2nd period - Dustin Byfuglien is hit by Blake Wheeler and loses puck.
14:26 of 2nd period - Shot by Leo Komarov.
14:26 of 2nd period - Shot Misses the Net.
14:28 of 2nd period - Shot by Alexander Edler.
14:28 of 2nd period - Stopped by Cam Ward without a rebound.
14:29 of 2nd period - Sidney Crosby wins face-off versus Brad Richards in Canadiens zone.
14:37 of 2nd period - Icing by Pavel Datsyuk.
14:38 of 2nd period - Sidney Crosby wins face-off versus Brad Richards in Canadiens zone.
15:04 of 2nd period - Jordan Eberle is hit by Jan Hejda and loses puck.
16:12 of 2nd period - Shot by Dustin Byfuglien.
16:12 of 2nd period - Shot Blocked by Travis Hamonic.
16:21 of 2nd period - Brad Boyes is hit by Brooks Orpik and loses puck.
18:00 of 2nd period - Shot by Jordan Eberle.
18:00 of 2nd period - Goal by Jordan Eberle - Senators : 2 - Canadiens : 3.
18:01 of 2nd period - Sidney Crosby wins face-off versus Jonathan Toews in neutral zone.
18:08 of 2nd period - Shot by Jan Hejda.
18:08 of 2nd period - Stopped by Cam Ward without a rebound.
18:09 of 2nd period - Jonathan Toews wins face-off versus Sidney Crosby in Canadiens zone.
18:18 of 2nd period - Shot by Jonathan Toews.
18:18 of 2nd period - Stopped by Carey Price without a rebound.
18:19 of 2nd period - Sidney Crosby wins face-off versus Jonathan Toews in Senators zone.
18:42 of 2nd period - Shot by James Neal.
18:42 of 2nd period - Deflect By Sidney Crosby.
18:42 of 2nd period - Stopped by Cam Ward with a rebound.
19:35 of 2nd period - Off-side.
19:36 of 2nd period - Jim OBrien wins face-off versus Dave Bolland in neutral zone.
19:45 of 2nd period - Icing by Dave Bolland.
19:46 of 2nd period - Dave Bolland wins face-off versus Jim OBrien in Canadiens zone.
19:51 of 2nd period - Ron Hainsey is hit by Jim OBrien and loses puck.

3rd period


0:01 of 3rd period - Claude Giroux wins face-off versus Sidney Crosby in neutral zone.
0:06 of 3rd period - Shot by Alec Martinez.
0:06 of 3rd period - Stopped by Carey Price without a rebound.
0:07 of 3rd period - Sidney Crosby wins face-off versus Claude Giroux in Senators zone.
0:07 of 3rd period - Sidney Crosby is hit by Blake Wheeler.
0:37 of 3rd period - Shot by James Neal.
0:37 of 3rd period - Shot Misses the Net.
0:39 of 3rd period - Shot by James Neal.
0:39 of 3rd period - Stopped by Cam Ward without a rebound.
0:40 of 3rd period - Brad Richards wins face-off versus Jim OBrien in Canadiens zone.
1:31 of 3rd period - Icing by Pavel Datsyuk.
1:32 of 3rd period - Sidney Crosby wins face-off versus Brad Richards in Canadiens zone.
1:33 of 3rd period - Shot by James Neal.
1:33 of 3rd period - Shot Blocked by Travis Hamonic.
2:04 of 3rd period - Icing by Dustin Byfuglien.
2:05 of 3rd period - Sven Baertschi wins face-off versus Sidney Crosby in Senators zone.
2:26 of 3rd period - Shot by James Neal.
2:26 of 3rd period - Stopped by Cam Ward with a rebound.
2:28 of 3rd period - Shot by Sidney Crosby.
2:28 of 3rd period - Stopped by Cam Ward without a rebound.
2:29 of 3rd period - Jonathan Toews wins face-off versus Jim OBrien in Canadiens zone.
2:59 of 3rd period - Shot by Blake Wheeler.
2:59 of 3rd period - Stopped by Carey Price without a rebound.
3:00 of 3rd period - Brad Richards wins face-off versus Leo Komarov in Senators zone.
3:11 of 3rd period - Shot by Leo Komarov.
3:11 of 3rd period - Stopped by Cam Ward without a rebound.
3:12 of 3rd period - Dave Bolland wins face-off versus Sidney Crosby in Canadiens zone.
3:12 of 3rd period - Dave Bolland is hit by James Neal.
3:17 of 3rd period - Off-side.
3:18 of 3rd period - Sidney Crosby wins face-off versus Blake Wheeler in neutral zone.
3:21 of 3rd period - Shot by James Neal.
3:21 of 3rd period - Shot Misses the Net.
3:57 of 3rd period - Shot by Sidney Crosby.
3:57 of 3rd period - Stopped by Cam Ward without a rebound.
3:58 of 3rd period - Jim OBrien wins face-off versus Brad Richards in Canadiens zone.
4:10 of 3rd period - Shot by Logan Couture.
4:10 of 3rd period - Deflect By Brad Boyes.
4:10 of 3rd period - Stopped by Cam Ward without a rebound.
4:11 of 3rd period - Dave Bolland wins face-off versus Leo Komarov in Canadiens zone.
4:20 of 3rd period - Shot by Mason Raymond.
4:20 of 3rd period - Shot Misses the Net.
4:22 of 3rd period - Shot by Sven Baertschi.
4:22 of 3rd period - Shot Misses the Net.
4:24 of 3rd period - Shot by Mark Fistric.
4:24 of 3rd period - Shot Misses the Net.
4:26 of 3rd period - Shot by Theo Peckham.
4:26 of 3rd period - Shot Misses the Net.
5:10 of 3rd period - Icing by Jonathan Toews.
5:11 of 3rd period - Sidney Crosby wins face-off versus Jonathan Toews in Canadiens zone.
5:42 of 3rd period - Shot by Jonathan Toews.
5:42 of 3rd period - Deflect By Blake Wheeler.
5:42 of 3rd period - Shot Misses the Net.
5:44 of 3rd period - Shot by Jonathan Toews.
5:44 of 3rd period - Stopped by Carey Price with a rebound.
6:32 of 3rd period - Minor Penalty to Brooks Orpik for Holding.
6:33 of 3rd period - Dave Bolland wins face-off versus Peter Regin in Canadiens zone.
6:42 of 3rd period - James Neal is hit by Claude Giroux and loses puck.
6:57 of 3rd period - Shot by Jan Hejda.
6:57 of 3rd period - Shot Misses the Net.
6:59 of 3rd period - Shot by Jan Hejda.
6:59 of 3rd period - Shot Blocked by Travis Hamonic.
7:01 of 3rd period - Shot by Jan Hejda.
7:01 of 3rd period - Shot Misses the Net.
7:11 of 3rd period - Shot by Logan Couture.
7:11 of 3rd period - Deflect By Sidney Crosby.
7:11 of 3rd period - Shot Misses the Net.
7:13 of 3rd period - Shot by Logan Couture.
7:13 of 3rd period - Deflect By Sidney Crosby.
7:13 of 3rd period - Stopped by Cam Ward with a rebound.
7:39 of 3rd period - Shot by Logan Couture.
7:39 of 3rd period - Shot Misses the Net.
8:19 of 3rd period - Shot by James Neal.
8:19 of 3rd period - Deflect By Nathan Horton.
8:19 of 3rd period - Shot Blocked by Theo Peckham.
8:55 of 3rd period - Shot by Brad Richards.
8:55 of 3rd period - Stopped by Carey Price without a rebound.
8:56 of 3rd period - John Mitchell wins face-off versus Jim OBrien in Senators zone.
9:11 of 3rd period - Shot by Brad Boyes.
9:11 of 3rd period - Stopped by Cam Ward with a rebound.
9:13 of 3rd period - Shot by Marc-Edouard Vlasic.
9:13 of 3rd period - Shot Blocked by Alec Martinez.
9:43 of 3rd period - Shot by Leo Komarov.
9:43 of 3rd period - Shot Misses the Net.
11:36 of 3rd period - Jim OBrien is hit by Pavel Datsyuk and loses puck.
12:03 of 3rd period - Shot by Logan Couture.
12:03 of 3rd period - Shot Blocked by Travis Hamonic.
12:30 of 3rd period - Dustin Byfuglien is hit by Mark Fistric and loses puck.
12:42 of 3rd period - Icing by Jonathan Toews.
12:43 of 3rd period - Sidney Crosby wins face-off versus Jonathan Toews in Canadiens zone.
13:24 of 3rd period - Shot by James Neal.
13:24 of 3rd period - Stopped by Cam Ward without a rebound.
13:25 of 3rd period - Jim OBrien wins face-off versus Dave Bolland in Canadiens zone.
13:34 of 3rd period - Off-side.
13:35 of 3rd period - Jim OBrien wins face-off versus John Mitchell in neutral zone.
13:59 of 3rd period - Shot by John Mitchell.
13:59 of 3rd period - Shot Blocked by Dustin Byfuglien.
14:01 of 3rd period - Shot by Eric Nystrom.
14:01 of 3rd period - Shot Misses the Net.
14:35 of 3rd period - Mason Raymond is hit by Jared Cowen and loses puck.
14:42 of 3rd period - Shot by Sven Baertschi.
14:42 of 3rd period - Deflect By Mason Raymond.
14:42 of 3rd period - Stopped by Carey Price with a rebound.
14:44 of 3rd period - Shot by Mason Raymond.
14:44 of 3rd period - Shot Misses the Net.
14:56 of 3rd period - Shot by Sven Baertschi.
14:56 of 3rd period - Shot Misses the Net.
15:32 of 3rd period - Shot by Jonathan Toews.
15:32 of 3rd period - Shot Misses the Net.
15:43 of 3rd period - Icing by Jared Cowen.
15:44 of 3rd period - John Mitchell wins face-off versus Sidney Crosby in Senators zone.
15:44 of 3rd period - John Mitchell is hit by Jared Cowen.
15:59 of 3rd period - Jared Cowen is hit by Brooks Orpik and loses puck.
16:27 of 3rd period - Minor Penalty to Jared Cowen for Hooking.
16:28 of 3rd period - Leo Komarov wins face-off versus Brad Richards in Senators zone.
16:37 of 3rd period - Marc-Edouard Vlasic is hit by Brad Richards and loses puck.
17:51 of 3rd period - Shot by Jonathan Toews.
17:51 of 3rd period - Stopped by Carey Price without a rebound.
17:52 of 3rd period - Jim OBrien wins face-off versus Brad Richards in Senators zone.
17:52 of 3rd period - Jim OBrien is hit by Jordan Eberle.
18:14 of 3rd period - Logan Couture is hit by Jordan Eberle and loses puck.
18:59 of 3rd period - Shot by Mason Raymond.
18:59 of 3rd period - Stopped by Carey Price with a rebound.
19:01 of 3rd period - Shot by Theo Peckham.
19:01 of 3rd period - Shot Misses the Net.
19:03 of 3rd period - Shot by Dave Bolland.
19:03 of 3rd period - Shot Misses the Net.
19:15 of 3rd period - Travis Hamonic is hit by Jerred Smithson.
19:18 of 3rd period - Icing by Brooks Orpik.
19:19 of 3rd period - Jonathan Toews wins face-off versus Sidney Crosby in Canadiens zone.
19:44 of 3rd period - Shot by Jonathan Toews.
19:44 of 3rd period - Shot Misses the Net.
19:50 of 3rd period - Senators, Carey Price is pulled from the net.


Output by the SimonT Hockey Simulator (STHS) for Stephane Roy -- Original Page W3C XHTML 1.0 Valid
Hockey Simulator - Hockey Simulation - Hockey Manager